 Dungeon Crawl Stone Soup version 0.25-a0-294-gea9b1ad378 (webtiles) character file.

Game seed: 12560557436457242184, levelgen mode: deterministic

1252 Redear the Firebug (level 8, 0/57 HPs)
             Began as a Demigod Fire Elementalist on Dec 17, 2019.
             Slain by a big kobold
             ... wielding a +2 dagger of electrocution
              (18 damage)
             ... on level 7 of the Dungeon.
             The game lasted 00:19:10 (6787 turns).

Redear the Firebug (Demigod Fire Elementalist)      Turns: 6787, Time: 00:19:11

Health: 0/57       AC:  4    Str: 11    XL:     8   Next: 5%
Magic:  29/34      EV: 12    Int: 23    God:
Gold:   410        SH:  0    Dex: 16    Spells: 7/17 levels left

rFire    . . .     SeeInvis .   s - staff of power {MP+15}
rCold    . . .     Gourm    .   (no shield)
rNeg     . . .     Faith    .   a - +0 robe
rPois    .         Spirit   .   (no helmet)
rElec    .         Reflect  .   (no cloak)
rCorr    .         Harm     .   d - +0 pair of gloves
MR       .....                  t - +0 pair of boots
Stlth    ++........             r - amulet of regeneration {+Regen}
HPRegen  0.59/turn              (no ring)
MPRegen  0.24/turn              (no ring)

@: lethally poisoned (0 -> 0), slowed, very slow
A: high mp 1
a: no special abilities


You were on level 7 of the Dungeon.
You were not hungry.

You visited 1 branch of the dungeon, and saw 7 of its levels.

You collected 410 gold pieces.

Inventory:

Hand Weapons
 k - a +1 dagger of venom
 v - a +0 rapier
Missiles
 b - 211 stones (quivered)
 Z - a throwing net {+f}
Armour
 a - a +0 robe (worn)
 d - a +0 pair of gloves (worn)
 t - a +0 pair of boots (worn)
 D - a +0 hat
Magical Staves
 s - an uncursed staff of power (weapon) {MP+15}
Jewellery
 f - an uncursed amulet of guardian spirit {Spirit}
 g - an uncursed amulet of guardian spirit {Spirit}
 r - an amulet of regeneration (around neck) {+Regen}
 A - an uncursed ring of ice {unknown}
 B - an uncursed amulet of regeneration {+Regen}
Scrolls
 e - a scroll of amnesia {unknown}
 n - 6 scrolls of enchant armour {unknown}
 o - a scroll of immolation {unknown}
 q - 2 scrolls of enchant weapon
 u - 2 scrolls of noise {unknown}
 w - a scroll of blinking {unknown}
 x - 3 scrolls of fog {unknown}
 y - a scroll of magic mapping {unknown}
 N - 2 scrolls of remove curse {@r2}
 R - 2 scrolls of identify {@r1}
 T - 3 scrolls of teleportation {@r3}
Potions
 c - a potion of haste {unknown}
 h - a potion of invisibility {unknown}
 i - 3 potions of cancellation
 j - 4 potions of heal wounds
 l - a potion of agility {unknown}
 m - 3 potions of brilliance {Archmagi Int+5 Wiz++}
 p - 2 potions of magic
 C - a potion of lignification {unknown}
Comestibles
 z - 10 rations
 E - 10 chunks of flesh


   Skills:
 - Level 1.7 Dodging
 - Level 1.7 Stealth
 + Level 5.0 Spellcasting
 + Level 5.1 Conjurations
 - Level 1.0 Translocations
 + Level 5.8 Fire Magic


You had 7 spell levels left.
You knew the following spells:

 Your Spells              Type           Power        Failure   Level  Hunger
a - Foxfire               Conj/Fire      ####         1%          1    None
b - Sticky Flame          Conj/Fire      ####....     10%         4    ####...
d - Blink                 Tloc           N/A          10%         2    None
j - Conjure Flame         Conj/Fire      ####....     3%          3    ##.....

Your spell library contained the following spells:

 Spells                   Type           Power        Failure   Level  Hunger
 Magic Dart               Conj           ####         1%          1    None
 Inner Flame              Hex/Fire       ###.....     9%          3    ##.....
 Call Imp                 Summ           #.......     14%         2    None
 Slow                     Hex            #.......     14%         2    None
 Mephitic Cloud           Conj/Pois/Air  ##......     14%         3    ##.....
 Fireball                 Conj/Fire      ####......   26%         5    #####..


Dungeon Overview and Level Annotations

Branches:
Dungeon (7/15)             Temple (0/1) D:6

Shops:
D:6 :

Annotations:
D:4 2 transporters, MrRokkomies's ghost, amateur GnWn


Innate Abilities, Weirdness & Mutations

You have an increased reservoir of magic. (+10% MP)


Message History

Confirm with . or Enter, or press ? or * to list all spells.
You conjure some foxfire!
You feel sick. The big kobold completely misses you.
Casting: Foxfire (safe; 1% risk of failure)
Confirm with . or Enter, or press ? or * to list all spells.
You conjure some foxfire!
The foxfire hits the big kobold but does no damage.
The big kobold is heavily wounded.
The big kobold closely misses you.
The big kobold hits you with a +2 dagger of electrocution.
You take 2 damage, and have 23/57 hp.
You now have 29/34 mp.
Unknown command.
You feel sick.
The foxfire hits the big kobold.
The big kobold resists.
The big kobold is severely wounded.
The foxfire hits the big kobold.
The big kobold completely resists.
The big kobold is severely wounded.
The foxfire hits the big kobold.
The big kobold completely resists.
The big kobold is severely wounded.
The big kobold hits you with a +2 dagger of electrocution.
You are electrocuted!!
You die...

#..)).÷ ..#.#
#####)# ..#.#
#.# #.#.# #.# .
#.#.##### #.#
#.####)#......#
#.#
#.....)....#.###
#.#
##......K.......
#.#
.......@(.#...##
#.#
.......##§#....#
#.# #######
#.##...# #.#.#
#.##...# #.#..
#......# #.###
####.#.# #.#
#.#.# #.# #
#.#.#####.###
#.#.........#


You could see a big kobold.

Vanquished Creatures
  A sky beast (D:7)
  A phantom (D:5)
  3 ogres
  A bullfrog (D:6)
  A scorpion (D:6)
  A crimson imp (D:7)
  3 hounds
  A bullfrog zombie (D:5)
  A jelly (D:5)
  3 orc priests
  Jessica (D:3)
  An iguana (D:6)
  3 orc wizards
  Natasha (D:3)
  2 worker ants
  A killer bee zombie (D:6)
  3 gnolls (D:2)
  5 adders
  2 shadow imps (D:5)
  An ooze (D:3)
  4 worms (D:3)
  A dart slug (D:1)
  5 leopard geckos
  15 orcs
  A ball python (D:1)
  6 bats
  5 giant cockroaches
  7 hobgoblins
  5 jackals
  10 kobolds
  2 quokkas (D:3)
  7 frilled lizards
  5 goblins
  8 rats
117 creatures vanquished.

Vanquished Creatures (others)
  299 foxfires
299 creatures vanquished.

Grand Total: 416 creatures vanquished

Notes
Turn   | Place    | Note
-------+----------+-------------------------------------------
     0 | D:1      | Redear the Demigod Fire Elementalist began the quest for
                  | the Orb.
     0 | D:1      | Reached XP level 1. HP: 14/14 MP: 5/5
    79 | D:1      | Reached skill level 1 in Conjurations
   141 | D:1      | Reached skill level 2 in Spellcasting
   343 | D:1      | Reached XP level 2. HP: 20/20 MP: 7/7
   454 | D:1      | Reached skill level 3 in Fire Magic
   986 | D:2      | Reached XP level 3. HP: 26/26 MP: 3/9
  1096 | D:2      | Found an ornate altar of the Wu Jian Council.
  1307 | D:2      | Reached skill level 2 in Conjurations
  1444 | D:2      | Learned a level 3 spell: Conjure Flame
  1447 | D:2      | Learned a level 2 spell: Blink
  1547 | D:2      | Reached XP level 4. HP: 21/33 MP: 6/10
  2374 | D:3      | Noticed Jessica
  2379 | D:3      | Killed Jessica
  2386 | D:3      | Noticed Natasha
  2398 | D:3      | Killed Natasha
  2399 | D:3      | Reached skill level 1 in Translocations
  2566 | D:3      | Reached XP level 5. HP: 34/38 MP: 12/12
  2583 | D:3      | Reached skill level 3 in Spellcasting
  3037 | D:3      | Reached skill level 4 in Fire Magic
  3430 | D:3      | Reached skill level 3 in Conjurations
  3922 | D:4      | Found a burning altar of Makhleb.
  4004 | D:4      | Reached XP level 6. HP: 33/45 MP: 14/14
  4030 | D:4      | Learned a level 4 spell: Sticky Flame
  4426 | D:4      | Identified the +3 dire flail of Kaj Egups {flame, Dex+3}
  4426 | D:4      | Noticed MrRokkomies's ghost (amateur GnWn)
  4427 | D:4      | Found a transporter.
  4446 | D:4      | Found a transporter.
  4652 | D:5      | Entered Level 5 of the Dungeon
  4699 | D:6      | Found a staircase to the Ecumenical Temple.
  5274 | D:5      | Reached skill level 4 in Spellcasting
  5510 | D:5      | Reached skill level 4 in Conjurations
  5510 | D:5      | Reached XP level 7. HP: 46/50 MP: 16/16
  5522 | D:5      | Reached skill level 5 in Fire Magic
  5565 | D:5      | You fall into a shaft and drop 1 floor!
  5673 | D:6      | Found Cacso's Book Emporium.
  6659 | D:7      | Reached skill level 5 in Conjurations
  6667 | D:7      | Reached XP level 8. HP: 37/57 MP: 19/19
  6677 | D:7      | Reached skill level 5 in Spellcasting
  6787 | D:7      | Slain by a big kobold

Levels and vault maps discovered:
D:1:      sevenhm_arrival_forest_fort_large_2, layout_loops_cross,
          serial_forest, infiniplex_forest_lined_3_way, infiniplex_forest_end_2,
          infiniplex_forest_straight_3, infiniplex_forest_lined_ring,
          infiniplex_forest_zigzag_1, infiniplex_forest_clump_tiny,
          infiniplex_forest_lined_2, hangedman_decor_clover_reticule
D:2:      layout_loops_ring, lemuel_coloured_pillars_altar,
          minmay_fractal_squares_gapless_5
D:3:      layout_loops_ring, minivault_4, serial_bayou_pond_d, uniq_natasha,
          uniq_jessica
D:4:      layout_basic, first_ration, gammafunk_ghost_smash,
          makhleb_heckhound_becter
D:5:      layout_loops_ring
D:6:      layout_rooms, temple_fountains, serial_shops, nicolae_shop_trees
D:7:      layout_basic, basic_altar

Skill      XL: |  1  2  3  4  5  6  7  8 |
---------------+-------------------------+-----
Conjurations   | 1 2 3 4 5 |  5.1
Spellcasting   | 2 3 4 5 |  5.0
Fire Magic     | 3 4 5 |  5.8
Translocations | 1 |  1.0
Dodging        | |  1.7
Stealth        | |  1.7

Action                   |  1- 3 |  4- 6 |  7- 9 || total
-------------------------+-------+-------+-------++-------
Melee: Unarmed           |    81 |       |       ||    81
       Dagger            |     6 |    65 |    53 ||   124
       Staff             |       |    64 |   250 ||   314
       Rapier            |       |     2 |       ||     2
Throw: Stone             |       |     1 |       ||     1
 Cast: Foxfire           |    51 |    74 |    73 ||   198
       Blink             |     1 |     1 |     1 ||     3
       Conjure Flame     |       |    16 |       ||    16
       Sticky Flame      |       |     5 |       ||     5
  Use: Scroll            |       |     8 |       ||     8
 Stab: Sleeping          |     3 |     4 |       ||     7
       Distracted        |     2 |     1 |       ||     3
  Eat: Chunk             |     2 |    11 |     2 ||    15
       Ration            |       |     1 |     1 ||     2
Armor: Robe              |    22 |    30 |    86 ||   138
Dodge: Dodged            |    69 |   104 |   166 ||   339

Table legend:
 A = Non-vault XP
 B = Vault XP
 C = Vault XP percentage of total XP
 D = Non-vault monster count
 E = Vault monster count
 F = Vault count percentage of total count
                 A         B        C        D         E       F
            +---------+---------+-------+---------+---------+-------
      Total |    1654 |     135 |   7.5 |     109 |       8 |   6.8
            +---------+---------+-------+---------+---------+-------
        D:1 |      31 |       0 |   0.0 |      21 |       0 |   0.0
        D:2 |      77 |      18 |  18.9 |      17 |       5 |  22.7
        D:3 |     206 |      72 |  25.9 |      33 |       2 |   5.7
        D:4 |      66 |      45 |  40.5 |       5 |       1 |  16.7
        D:5 |     506 |       0 |   0.0 |      13 |       0 |   0.0
        D:6 |     366 |       0 |   0.0 |       7 |       0 |   0.0
        D:7 |     402 |       0 |   0.0 |      13 |       0 |   0.0
            +---------+---------+-------+---------+---------+-------
